 Dungeon Crawl Stone Soup version 0.28-a0-1518-gbe868bca14 (webtiles) character file.

Game seed: 14360951347830589995

8 knot the Chopper (level 2, 15/24 HPs)
             Began as a Demonspawn Berserker on Jan 17, 2022.
             Was a Follower of Trog.
             Quit the game on level 1 of the Dungeon.
             The game lasted 00:00:20 (528 turns).

knot the Chopper (Demonspawn Berserker)              Turns: 528, Time: 00:00:21

Health: 15/24      AC:  3    Str: 17    XL:     2   Next: 0%
Magic:  2/2        EV: 12    Int:  8    God:    Trog [*.....]
Gold:   21         SH:  0    Dex: 12    Spells: 1/1 levels left

rFire   . . .      SeeInvis .   a - +0 hand axe
rCold   . . .      Faith    .   (no shield)
rNeg    . . .      Spirit   .   b - +0 animal skin
rPois   .          Reflect  .   (no helmet)
rElec   .          Harm     .   (no cloak)
rCorr   .          Rampage  .   (no gloves)
Will    .....                   (no boots)
Stlth   +.........              (no amulet)
HPRegen 0.08/turn               (no ring)
MPRegen 0.08/turn               (no ring)

@: no status effects
A: rugged brown scales 1
a: Renounce Religion, Berserk


You were on level 1 of the Dungeon.
You worshipped Trog.
Trog was aware of your devotion.
You visited 1 branch of the dungeon, and saw 1 of its levels.

You collected 21 gold pieces.

Inventory:

Hand Weapons
 a - a +0 hand axe (weapon)
Missiles
 d - 16 stones (quivered)
 e - 15 sling bullets
Armour
 b - a +0 animal skin (worn)
Jewellery
 c - a +6 ring of intelligence
 j - a ring of fire
Scrolls
 i - a scroll of identify {unknown}
Potions
 f - a potion of haste {unknown}
 g - a potion of resistance {unknown}
 h - a potion of might {unknown}
 k - a potion of curing {unknown}


   Skills:
 - Level 3.0 Fighting
 + Level 3.2 Axes
 - Level 1.7 Armour
 - Level 1.7 Dodging


You had one spell level left.
You didn't know any spells.
Your spell library was empty.

Dungeon Overview and Level Annotations

Branches:
Dungeon (1/15)

Altars:


Innate Abilities, Weirdness & Mutations

You are partially covered in rugged brown scales. (AC +1, +3% HP)


Message History

A hobgoblin comes into view.
The hobgoblin completely misses you.
A hobgoblin is nearby!
You hit the hobgoblin.
The hobgoblin is heavily wounded.
The hobgoblin closely misses you.
You hit the hobgoblin.
The hobgoblin is almost dead.
The hobgoblin closely misses you.
You slash the hobgoblin!
You kill the hobgoblin!
Trog accepts your kill.
No target in view!
No target in view!
Found a plate armour.
No target in view!
A bat comes into view.
The bat barely misses you. The bat hits you but does no damage.
A rat comes into view.
The bat hits you but does no damage.
Found 8 gold pieces.
The bat closely misses you.
You barely miss the bat. The bat hits you.
You hit the bat but do no damage. The bat completely misses you.
You hit the rat.
The rat is severely wounded.
The bat barely misses you. The rat bites you. The bat barely misses you.
You closely miss the rat.
The rat is severely wounded.
You hit the bat.
You kill the bat!
Trog accepts your kill. The rat bites you but does no damage.
You slash the rat!
You kill the rat!
Trog accepts your kill.
You have reached level 2!
Your demonic ancestry asserts itself...
Rugged brown scales grow over part of your body.
Are you sure you want to abandon this character and quit the game? (Confirm with "yes".)

#.# #.#.# #.# ###.#
# #.#.# #.# #.#.#
#. ##.#.# #.# #.#.#
$# .....## #.#
#.### .###.#.....
#.# .#.. ..... #.#
..# ...# #.#
#.##..## #.#
#@.....# #.#
######..###.# #.#
#.......# #.#
##.####[.# #.#
##.#.###.....
#.###.###.##.##.#..
#....## ##.#.#
.#..#
#####.###..#.#
.#..# ##.#.#.#..
....#


There were no monsters in sight!

Vanquished Creatures
  A hobgoblin (D:1)
  2 quokkas (D:1)
  A ball python (D:1)
  A bat (D:1)
  2 frilled lizards (D:1)
  2 rats (D:1)
9 creatures vanquished.

Notes
Turn   | Place    | Note
-------+----------+-------------------------------------------
     0 | D:1      | knot the Demonspawn Berserker began the quest for the Orb.
     0 | D:1      | Reached XP level 1. HP: 18/18 MP: 1/1
   528 | D:1      | Gained mutation: You are partially covered in rugged brown
                  | scales. (AC +1, +3% HP) [demonic ancestry]
   528 | D:1      | Reached XP level 2. HP: 15/24 MP: 2/2
   528 | D:1      | Quit the game

Illustrated notes

Levels and vault maps discovered:
D:1:      lemuel_arrival_cross, layout_loops_ring

Skill      XL: |  1 |
---------------+----+-----
Axes           | 3 |  3.2
Fighting       | |  3.0
Armour         | |  1.7
Dodging        | |  1.7

Action                   || total
-------------------------++-------
Melee: Hand axe          ||    31
Armor: Animal skin       ||     7
Dodge: Dodged            ||    27

Table legend: (Time is in decaauts)
 A = Elapsed time spent in this place.
 B = Non-inter-level travel time spent in this place.
 C = Inter-level travel time spent in this place.
 D = Time resting spent in this place.
 E = Time spent auto-exploring this place.
 F = Levels seen in this place.
 G = Mean time per level.
                   A        B        C        D        E       F      G
               +--------+--------+--------+--------+--------+-----+--------+
         Total |    532 |    532 |      0 |      0 |    456 |   1 |  532.0 |
       Dungeon |    532 |    532 |      0 |      0 |    456 |   1 |  532.0 |
               +--------+--------+--------+--------+--------+-----+--------+

Top non-repeatable levels by time:
     D:1: 532 daAuts
